PAA
NORTHVILLE ECLIPSE @ MINNESOTA LOONS
07/05/2031
 
TOP OF THE 1ST
Northville Eclipse batting - Pitching for Minnesota Loons : RHP Melchor Morse
Pitching: RHP Melchor Morse
Batting: LHB Octávio Ontiveros 0-0: Called Strike
0-1: Swinging Strike
0-2: Ball
1-2: Strikes out swinging
Batting: LHB Arturo Gonzáles 0-0: Ball
1-0: Fly out, F8 (Line Drive, 78D)
Batting: SHB Quentin Harrop 0-0: Fly out, F9 (Flyball, 9D)
Top of the 1st over - 0 runs, 0 hits, 0 errors, 0 left on base; Northville 0 - Minnesota 0
BOTTOM OF THE 1ST
Minnesota Loons batting - Pitching for Northville Eclipse : RHP Will Sims
Pitching: RHP Will Sims
Batting: RHB Germán Espantoso 0-0: Called Strike
0-1: Ball
1-1: Fly out, F9 (Flyball, 89S)
Batting: RHB Dhyana Snigdha 0-0: Called Strike
0-1: Ground out 6-3 (Groundball, 6)
Batting: LHB Bennett Whitford 0-0: Reached on error, E3 (Groundball, 34)
Batting: RHB Jimmy Fick 0-0: Swinging Strike
0-1: Ball
Wild Pitch!
Bennett Whitford to second
1-1: Ball
2-1: Foul Ball, location: 2F
2-2: Ball
3-2: Base on Balls
Batting: RHB Cody Jaeckel 0-0: Ground out 5-3 (Groundball, 56S)
Bottom of the 1st over - 0 runs, 0 hits, 1 error, 2 left on base; Northville 0 - Minnesota 0
TOP OF THE 2ND
Northville Eclipse batting - Pitching for Minnesota Loons : RHP Melchor Morse
Batting: RHB Syed Sarkar 0-0: Swinging Strike
0-1: Fly out, F7 (Line Drive, 7S)
Batting: LHB Lonnie Murray 0-0: Called Strike
0-1: Ball
1-1: Swinging Strike
1-2: Ball
2-2: Foul Ball, location: 2F
2-2: Ball
3-2: Base on Balls
Batting: RHB Chang-lit Min 0-0: Ball
1-0: Grounds into double play, 5-4-3 (Groundball, 5L)
Top of the 2nd over - 0 runs, 0 hits, 0 errors, 0 left on base; Northville 0 - Minnesota 0
BOTTOM OF THE 2ND
Minnesota Loons batting - Pitching for Northville Eclipse : RHP Will Sims
Batting: RHB Luis Delvalle 0-0: Ball
1-0: Foul Ball, location: 2F
1-1: SINGLE (Groundball, 56D)
Batting: RHB José de la Cavallería 0-0: Called Strike
0-1: Foul Ball, location: 2F
0-2: Ball
1-2: Grounds into double play, 6-4-3 (Groundball, 6)
Batting: RHB Tabor Muzquiz 0-0: Called Strike
0-1: Foul Ball, location: 2F
0-2: Foul Ball, location: 2F
0-2: Foul Ball, location: 2F
0-2: Strikes out looking
Bottom of the 2nd over - 0 runs, 1 hit, 0 errors, 0 left on base; Northville 0 - Minnesota 0
TOP OF THE 3RD
Northville Eclipse batting - Pitching for Minnesota Loons : RHP Melchor Morse
Batting: LHB Marvello Obra 0-0: Called Strike
0-1: Called Strike
0-2: Ball
1-2: Foul Ball, location: 2F
1-2: Ball
2-2: Ball
3-2: Foul Ball, location: 2F
3-2: Base on Balls
Batting: RHB Sidney Mackell 0-0: Ball
1-0: Fly out, F9 (Flyball, 9S)
Batting: RHB Juan León 0-0: Foul Ball, location: 2F
0-1: Ball
1-1: Grounds into double play, 4-6-3 (Groundball, 4D)
Top of the 3rd over - 0 runs, 0 hits, 0 errors, 0 left on base; Northville 0 - Minnesota 0
BOTTOM OF THE 3RD
Minnesota Loons batting - Pitching for Northville Eclipse : RHP Will Sims
Batting: RHB Rubén Medina 0-0: Ball
1-0: Called Strike
1-1: Foul Ball, location: 2F
1-2: Foul Ball, location: 2F
1-2: Strikes out swinging
Batting: RHB Germán Espantoso 0-0: Called Strike
0-1: Ball
1-1: Ball
2-1: SINGLE (Groundball, 13S) (infield hit)
Batting: RHB Dhyana Snigdha 0-0: Fly out, F9 (Flyball, 9S)
Batting: LHB Bennett Whitford 0-0: Ball
1-0: Ground out 1-3 (Groundball, 15S)
Bottom of the 3rd over - 0 runs, 1 hit, 0 errors, 1 left on base; Northville 0 - Minnesota 0
TOP OF THE 4TH
Northville Eclipse batting - Pitching for Minnesota Loons : RHP Melchor Morse
Batting: LHB Octávio Ontiveros 0-0: Ball
1-0: Called Strike
1-1: Foul Ball, location: 2F
1-2: Ball
2-2: Foul Ball, location: 2F
2-2: Fly out, F6 (Line Drive, 6M)
Batting: LHB Arturo Gonzáles 0-0: Fly out, F7 (Flyball, 7LS)
Batting: SHB Quentin Harrop 0-0: Ball
1-0: Foul Ball, location: 2F
1-1: Foul Ball, location: 2F
1-2: Foul Ball, location: 2F
1-2: Foul Ball, location: 2F
1-2: SINGLE (Line Drive, 9LM)
Batting: RHB Syed Sarkar 0-0: Fly out, F7 (Flyball, 7D)
Top of the 4th over - 0 runs, 1 hit, 0 errors, 1 left on base; Northville 0 - Minnesota 0
BOTTOM OF THE 4TH
Minnesota Loons batting - Pitching for Northville Eclipse : RHP Will Sims
Batting: RHB Jimmy Fick 0-0: Ball
1-0: Foul Ball, location: 2F
1-1: Foul Ball, location: 2F
1-2: Ball
2-2: Ball
3-2: Base on Balls
Batting: RHB Cody Jaeckel 0-0: Ball
1-0: Called Strike
1-1: Called Strike
1-2: Ball
2-2: Fielders Choice at 2nd, 5-4 (Groundball, 56)
Batting: RHB Luis Delvalle 0-0: Fly out, F7 (Line Drive, 78M)
Batting: RHB José de la Cavallería 0-0: Called Strike
Cody Jaeckel steals 2nd base
0-1: Swinging Strike
0-2: Ball
1-2: Strikes out swinging
Bottom of the 4th over - 0 runs, 0 hits, 0 errors, 1 left on base; Northville 0 - Minnesota 0
TOP OF THE 5TH
Northville Eclipse batting - Pitching for Minnesota Loons : RHP Melchor Morse
Batting: LHB Lonnie Murray 0-0: Ball
1-0: Foul Ball, location: 2F
1-1: Foul Ball, location: 2F
1-2: Ball
2-2: Foul Ball, location: 2F
2-2: Strikes out swinging
Batting: RHB Chang-lit Min 0-0: Swinging Strike
0-1: Ball
1-1: Ball
2-1: Ball
3-1: Foul Ball, location: 2F
3-2: Strikes out swinging
Batting: LHB Marvello Obra 0-0: Foul Ball, location: 2F
0-1: Ball
1-1: Ball
2-1: Fly out, F7 (Flyball, 7S)
Top of the 5th over - 0 runs, 0 hits, 0 errors, 0 left on base; Northville 0 - Minnesota 0
BOTTOM OF THE 5TH
Minnesota Loons batting - Pitching for Northville Eclipse : RHP Will Sims
Batting: RHB Tabor Muzquiz 0-0: Called Strike
0-1: Ground out 6-3 (Groundball, 6)
Batting: RHB Rubén Medina 0-0: Ball
1-0: Foul Ball, location: 2F
1-1: Ball
2-1: Foul Ball, location: 2F
2-2: Ball
3-2: Base on Balls
Batting: RHB Germán Espantoso 0-0: Called Strike
0-1: Ball
1-1: Fielders Choice at 2nd, 1-6 (Groundball, 13S)
Batting: RHB Dhyana Snigdha 0-0: Ball
1-0: Ball
2-0: Ball
3-0: Called Strike
3-1: Swinging Strike
3-2: Ground out 5-3 (Groundball, 5S)
Bottom of the 5th over - 0 runs, 0 hits, 0 errors, 1 left on base; Northville 0 - Minnesota 0
TOP OF THE 6TH
Northville Eclipse batting - Pitching for Minnesota Loons : RHP Melchor Morse
Batting: RHB Sidney Mackell 0-0: Ball
1-0: Foul Ball, location: 2F
1-1: Ball
2-1: Ball
3-1: Fly out, F8 (Line Drive, 78M)
Batting: RHB Juan León 0-0: Fly out, F4 (Popup, 4)
Batting: LHB Octávio Ontiveros 0-0: Ball
1-0: Foul Ball, location: 2F
1-1: Ball
2-1: Swinging Strike
2-2: Ground out U3 (Groundball, 3)
Top of the 6th over - 0 runs, 0 hits, 0 errors, 0 left on base; Northville 0 - Minnesota 0
BOTTOM OF THE 6TH
Minnesota Loons batting - Pitching for Northville Eclipse : RHP Will Sims
Batting: LHB Bennett Whitford 0-0: Ball
1-0: Ball
2-0: SINGLE (Line Drive, 78M)
Batting: RHB Jimmy Fick 0-0: Ball
Bennett Whitford is caught stealing 2nd base
1-0: Ball
2-0: Ball
3-0: Called Strike
3-1: Base on Balls
Batting: RHB Cody Jaeckel 0-0: Ball
1-0: Foul Ball, location: 2F
1-1: Ground out 6-3 (Groundball, 6S)
Jimmy Fick to second
Batting: RHB Luis Delvalle 0-0: Fly out, F8 (Flyball, 8LM)
Bottom of the 6th over - 0 runs, 1 hit, 0 errors, 1 left on base; Northville 0 - Minnesota 0
TOP OF THE 7TH
Northville Eclipse batting - Pitching for Minnesota Loons : RHP Melchor Morse
Batting: LHB Arturo Gonzáles 0-0: Ball
1-0: Ground out 6-3 (Groundball, 6)
Batting: SHB Quentin Harrop 0-0: Ball
1-0: Ball
2-0: Ball
3-0: Called Strike
3-1: Swinging Strike
3-2: Ground out 5-3 (Groundball, 56)
Batting: RHB Syed Sarkar 0-0: Ball
1-0: Called Strike
1-1: Ball
2-1: Reached on error, E7 (Flyball, 7D)
Batting: LHB Lonnie Murray 0-0: Ball
1-0: Ball
2-0: Called Strike
2-1: Ball
3-1: Foul Ball, location: 2F
3-2: Fly out, F7 (Flyball, 7LSF)
Top of the 7th over - 0 runs, 0 hits, 1 error, 1 left on base; Northville 0 - Minnesota 0
BOTTOM OF THE 7TH
Minnesota Loons batting - Pitching for Northville Eclipse : RHP Will Sims
Pinch Hitting: LHB Michael Ward 0-0: Ball
1-0: Ground out 4-3 (Groundball, 4)
Batting: RHB Tabor Muzquiz 0-0: Ball
1-0: Ball
2-0: Swinging Strike
2-1: Ball
3-1: Swinging Strike
3-2: Base on Balls
Pinch Hitting: LHB Juan Aranda 0-0: Foul Ball, location: 2F
0-1: Called Strike
0-2: DOUBLE (Line Drive, 9LM)
Tabor Muzquiz to third
Batting: RHB Germán Espantoso 0-0: Called Strike
0-1: Fly out, F8 (Line Drive, 8RM)
Lined into DP, 8-6 (Line Drive, 8RM)
Bottom of the 7th over - 0 runs, 1 hit, 0 errors, 1 left on base; Northville 0 - Minnesota 0
TOP OF THE 8TH
Northville Eclipse batting - Pitching for Minnesota Loons : RHP Melchor Morse
Now at 2B: Ramón Yniguez
Now at 3B: Raúl Mateo
Batting: RHB Chang-lit Min 0-0: Ball
1-0: Foul Ball, location: 2F
1-1: Foul Ball, location: 2F
1-2: Strikes out looking
Batting: LHB Marvello Obra 0-0: Called Strike
0-1: Ground out 4-3 (Groundball, 34)
Batting: RHB Sidney Mackell 0-0: Fly out, F7 (Line Drive, 7LM)
Top of the 8th over - 0 runs, 0 hits, 0 errors, 0 left on base; Northville 0 - Minnesota 0
BOTTOM OF THE 8TH
Minnesota Loons batting - Pitching for Northville Eclipse : RHP Will Sims
Batting: RHB Dhyana Snigdha 0-0: Foul Ball, location: 2F
0-1: Ball
1-1: Swinging Strike
1-2: Foul Ball, location: 2F
1-2: Ball
2-2: Fly out, F9 (Flyball, 9S)
Batting: LHB Bennett Whitford 0-0: Swinging Strike
0-1: SINGLE (Flyball, 8RS)
Batting: RHB Jimmy Fick 0-0: Called Strike
0-1: Fly out, F8 (Flyball, 8LS)
Batting: RHB Cody Jaeckel 0-0: Called Strike
0-1: Ball
1-1: Ball
2-1: Swinging Strike
2-2: Ball
3-2: Fly out, F6 (Popup, 6MS)
Bottom of the 8th over - 0 runs, 1 hit, 0 errors, 1 left on base; Northville 0 - Minnesota 0
TOP OF THE 9TH
Northville Eclipse batting - Pitching for Minnesota Loons : RHP Melchor Morse
Pinch Hitting: LHB Darrell Woodmansee 0-0: Ball
1-0: Ball
2-0: Fly out, F8 (Flyball, 8RD)
Pitching: LHP Raymond Beauregard
Pinch Hitting: RHB Alfonso Grappasonni 0-0: Ball
1-0: Foul Ball, location: 2F
1-1: Swinging Strike
1-2: Ball
2-2: SINGLE (Line Drive, 4D)
Batting: LHB Arturo Gonzáles 0-0: Grounds into double play, 4-6-3 (Groundball, 4D)
Top of the 9th over - 0 runs, 1 hit, 0 errors, 0 left on base; Northville 0 - Minnesota 0
BOTTOM OF THE 9TH
Minnesota Loons batting - Pitching for Northville Eclipse : RHP Will Sims
Pitching: RHP Vaugh Chesser
Now at C: Manuel Barrios
Now in CF: Alfonso Grappasonni
Batting: RHB Luis Delvalle 0-0: Ball
1-0: Ball
2-0: Ground out 1-3 (Groundball, 13S)
Batting: RHB Ramón Yniguez 0-0: Ball
1-0: Fly out, F8 (Line Drive, 8RD)
Pinch Hitting: LHB Rim Hong-Do 0-0: Ball
1-0: Ball
2-0: Swinging Strike
2-1: Called Strike
2-2: Ball
3-2: Strikes out swinging
Bottom of the 9th over - 0 runs, 0 hits, 0 errors, 0 left on base; Northville 0 - Minnesota 0
TOP OF THE 10TH
Northville Eclipse batting - Pitching for Minnesota Loons : LHP Raymond Beauregard
Now at C: Júlio Vargas
Batting: SHB Quentin Harrop 0-0: Ball
1-0: Fly out, F7 (Flyball, 7S)
Batting: RHB Syed Sarkar 0-0: Ground out 6-3 (Groundball, 6)
Batting: LHB Lonnie Murray 0-0: Ground out 6-3 (Groundball, 6)
Top of the 10th over - 0 runs, 0 hits, 0 errors, 0 left on base; Northville 0 - Minnesota 0
BOTTOM OF THE 10TH
Minnesota Loons batting - Pitching for Northville Eclipse : RHP Vaugh Chesser
Batting: SHB Raúl Mateo 0-0: Ball
1-0: Ball
2-0: Called Strike
2-1: Foul Ball, location: 2F
2-2: Strikes out swinging
Batting: RHB Germán Espantoso 0-0: Ground out 4-3 (Groundball, 4)
Batting: RHB Dhyana Snigdha 0-0: Ball
1-0: Ball
2-0: Ground out 4-3 (Groundball, 4MS)
Bottom of the 10th over - 0 runs, 0 hits, 0 errors, 0 left on base; Northville 0 - Minnesota 0
TOP OF THE 11TH
Northville Eclipse batting - Pitching for Minnesota Loons : LHP Raymond Beauregard
Batting: RHB Chang-lit Min 0-0: SINGLE (Groundball, 4MD)
Batting: LHB Marvello Obra 0-0: Ball
1-0: Ball
Chang-lit Min steals 2nd base
2-0: Ball
3-0: Ground out 4-3 (Groundball, 34D)
Chang-lit Min to third
Batting: RHB Sidney Mackell 0-0: Ball
1-0: Bunted foul
1-1: Called Strike
1-2: Ball
2-2: Ball
3-2: Fly out, F1 (Line Drive, 15)
Batting: RHB Manuel Barrios 0-0: Called Strike
0-1: Ball
1-1: Ball
2-1: Ball
3-1: Foul Ball, location: 2F
3-2: Foul Ball, location: 2F
3-2: Ground out 6-3 (Groundball, 6)
Top of the 11th over - 0 runs, 1 hit, 0 errors, 1 left on base; Northville 0 - Minnesota 0
BOTTOM OF THE 11TH
Minnesota Loons batting - Pitching for Northville Eclipse : RHP Vaugh Chesser
Pitching: RHP Sonny Rubalcaba
Batting: LHB Bennett Whitford 0-0: Ball
1-0: Called Strike
1-1: Ball
2-1: Called Strike
2-2: TRIPLE (Flyball, 8RXD)
Pitching: RHP Kyle MacRae
Batting: RHB Jimmy Fick 0-0: Called Strike
0-1: Ball
1-1: Fly out, F8 (Line Drive, 78S)
Runner from 3rd tags up, SCORES, no throw
Tuesday, June 12th, 2018 - OOTP Baseball 18.8 Build 76